 Dungeon Crawl Stone Soup version 0.29.1-12-g30fa7ad0bf (webtiles) character file.

Game seed: 10078714161864544878

102 croobank the Conjurer (level 4, -2/33 HPs)
             Began as a Demonspawn Conjurer on Jan 14, 2023.
             Slain by an orc priest
             ... wielding a +0 trident
              (5 damage)
             ... on level 3 of the Dungeon.
             The game lasted 00:06:30 (3486 turns).

croobank the Conjurer (Demonspawn Conjurer)         Turns: 3486, Time: 00:06:30

Health: -2/33      AC:  4    Str:  7    XL:     4   Next: 49%
Magic:  2/7        EV: 12    Int: 21    God:
Gold:   181        SH:  0    Dex: 15    Spells: 2/8 levels left

rFire   + . .      SeeInvis .   m - +9 dagger of Ekashief {vorpal, rElec rPois rN+ Dex+3}
rCold   . . .      Faith    .   (no shield)
rNeg    + . .      Spirit   .   a - +1 robe
rPois   +          Reflect  .   (no helmet)
rElec   +          Harm     .   (no cloak)
rCorr   .          Rampage  .   (no gloves)
Will    .....                   (no boots)
Stlth   ++........              (no amulet)
HPRegen 0.11/turn               d - ring of protection from fire
MPRegen 0.10/turn               h - ring of flight

@: flying
A: powered by death 2, sharp scales 1
a: no special abilities


You were on level 3 of the Dungeon.
You visited 1 branch of the dungeon, and saw 3 of its levels.

You collected 181 gold pieces.

Inventory:

Hand Weapons
 c - a +0 falchion
 g - a +0 dagger
 m - the +9 dagger of Ekashief (weapon) {vorpal, rElec rPois rN+ Dex+3}
   (You found it on level 3 of the Dungeon)

   It inflicts extra damage upon your enemies.
   Dex:       It affects your dexterity (+3).
   rElec:     It insulates you from electricity.
   rPois:     It protects you from poison.
   rN:        It protects you from negative energy.
Missiles
 p - 5 poisoned darts
Armour
 a - a +1 robe (worn)
Jewellery
 d - a ring of protection from fire (left hand)
 h - a ring of flight (right hand)
Wands
 f - a wand of charming (8)
Scrolls
 e - a scroll of teleportation
 j - a scroll of identify
Potions
 b - 2 potions of magic
 i - a potion of berserk rage {unknown}
 k - 2 potions of flight {unknown}
 l - a potion of ambrosia {unknown}
 q - a potion of attraction {unknown}
 r - 2 potions of curing {unknown}


   Skills:
 + Level 1.8 Fighting
 + Level 0.0 Short Blades
 + Level 2.4 Dodging
 + Level 2.6 Stealth
 + Level 2.5 Spellcasting
 + Level 4.4 Conjurations


You had 2 spell levels left.
You knew the following spells:

 Your Spells              Type           Power      Damage    Failure   Level
a - Magic Dart            Conj           84%        1d7       2%          1
b - Searing Ray           Conj           42%        2d6       3%          2
c - Dazzling Flash        Conj/Hex       22%        N/A       17%         3

Your spell library contained the following spells:

 Spells                   Type           Power      Damage    Failure   Level
 Fulminant Prism          Conj/Hex       5%         3d7       50%         4
 Iskenderun's Mystic Bla  Conj/Tloc      11%        2d4       50%         4
 Dispersal                Tloc           1%         N/A       100%        6
 Disjunction              Tloc           1%         N/A       100%        8


Dungeon Overview and Level Annotations

Branches:
Dungeon (3/15)

Altars:
Cheibriados
Fedhas
Yredelemnul


Innate Abilities, Weirdness & Mutations

You regenerate health from kills.
You are partially covered in razor-sharp scales. (AC +1, Slay +1)


Message History

You now have 181 gold pieces (gained 10).
Found a basalt altar of Yredelemnul.
An orc priest comes into view. It is wielding a +0 trident.
Found a club.
An orc comes into view. It is wielding a +1 war axe of flaming.
An orc comes into view. It is wielding a +0 club.
The orc shouts! x2; The orc priest shouts!
You hear a shout!
The orc hits you with a +0 club.
The orc priest calls down the wrath of Beogh upon you.
Beogh smites you!
You puncture the orc!
You kill the orc!
The orc barely misses you.
The orc priest hits you but does no damage.
You puncture the orc!
You kill the orc!
The orc priest hits you from afar with a +0 trident.
You are too injured to fight recklessly!
Casting: Searing Ray (safe; 3% risk of failure)
Confirm with . or Enter, or press ? or * to list all spells.
Aiming: Searing Ray (safe; 3% risk of failure)
Press: ? - help, Shift-Dir - straight line, f - orc priest
Aim: an orc priest, wielding a +0 trident and wearing a +0 ring mail (81% to hit)
The searing ray hits the orc priest.
The orc priest is heavily wounded. (Press . to maintain the ray.)
The orc priest hits you from afar with a +0 trident!
* * * LOW HITPOINT WARNING * * *
The searing ray misses the orc priest.
The orc priest hits you from afar with a +0 trident.
* * * LOW HITPOINT WARNING * * *
An orc comes into view. It is wielding a +0 falchion.
The searing ray hits the orc priest.
The orc priest is almost dead.
The orc priest barely misses you.
The searing ray misses the orc priest.
The searing ray hits the orc.
The orc is almost dead.
You finish channelling your searing ray.
The orc priest hits you from afar with a +0 trident.
You die...

...#....####
#.............. ##......#
#..............
#.......###.#####....##..
#.####...##.# #######..
...####.#....# #######'
P.. #......#..# .
........ _... #......#
.#... ........ .P.
##......#...... .......#
......$.@)...$.. ........
........)...#... ........
.........o#.## ........
.........o.... ........
...###.#+#.... ........
... #. ..... ....... ..
..... ....... ... ....
..##... .. #...


You could see an orc priest and an orc.

Vanquished Creatures
  An orc wizard (D:3)
  2 adders
  A dart slug (D:2)
  6 orcs (D:3)
  5 bats
  5 endoplasms
  3 giant cockroaches (D:3)
  3 goblins
  2 hobgoblins (D:2)
  7 kobolds
  2 quokkas
  4 ball pythons
  4 frilled lizards
  4 rats (D:2)
49 creatures vanquished.

Notes
Turn   | Place    | Note
-------+----------+-------------------------------------------
     0 | D:1      | croobank the Demonspawn Conjurer began the quest for the
                  | Orb.
     0 | D:1      | Reached XP level 1. HP: 13/13 MP: 3/3
   673 | D:1      | Gained mutation: You are partially covered in razor-sharp
                  | scales. (AC +1, Slay +1) [demonic ancestry]
   673 | D:1      | Reached XP level 2. HP: 19/19 MP: 1/5
   923 | D:1      | Found a faded altar of an unknown god.
  1333 | D:2      | Learned a level 2 spell: Searing Ray
  1680 | D:2      | Gained mutation: You regenerate a little health from kills.
                  | [demonic ancestry]
  1680 | D:2      | Reached XP level 3. HP: 19/25 MP: 3/6
  2090 | D:2      | Found a blossoming altar of Fedhas.
  2095 | D:2      | Reached skill level 1 in Fighting
  3131 | D:3      | Found a snail-covered altar of Cheibriados.
  3254 | D:3      | Learned a level 3 spell: Dazzling Flash
  3270 | D:3      | Gained mutation: You regenerate health from kills. [demonic
                  | ancestry]
  3270 | D:3      | Reached XP level 4. HP: 30/32 MP: 1/7
  3456 | D:3      | Identified the +9 dagger of Ekashief {vorpal, rElec rPois
                  | rN+ Dex+3}
  3472 | D:3      | Found a basalt altar of Yredelemnul.
  3486 | D:3      | Slain by an orc priest

Illustrated notes

Levels and vault maps discovered:
D:1:      dpeg_arrival_windows_large_door, layout_loops_corners,
          basic_ecumenical_altar
D:2:      minmay_evil_eye, layout_loops_corners, basic_altar
D:3:      layout_basic, mainiacjoe_overflow_tiny_flanked,
          yredelemnul_altar_generic, grunt_ministairs_12, uniq_jessica

Skill      XL: |  1  2  3 |
---------------+----------+-----
Stealth        | 2 |  2.6
Dodging        | 2 |  2.4
Fighting       | 1 |  1.8
Spellcasting   | |  2.5
Conjurations   | |  4.4

Action                   |  1- 3 |  4- 6 || total
-------------------------+-------+-------++-------
Melee: Unarmed           |     3 |       ||     3
       Dagger            |    28 |    14 ||    42
 Cast: Magic Dart        |    23 |     1 ||    24
       Searing Ray       |    14 |     4 ||    18
  Use: Scroll            |     6 |       ||     6
 Stab: Sleeping          |     8 |       ||     8
Armor: Robe              |     8 |     1 ||     9
Dodge: Dodged            |    28 |    14 ||    42
